 Dungeon Crawl Stone Soup version 0.29-a0-923-g6e406bff71 (webtiles) character file.

Game seed: 16883562004458899248

228 Elmgren the Conjurer (level 6, -2/53 HPs)
             Began as an Ogre Conjurer on July 28, 2022.
             Slain by an orc
             ... wielding a +0 morningstar
              (4 damage)
             ... on level 4 of the Dungeon.
             The game lasted 00:10:36 (5951 turns).

Elmgren the Conjurer (Ogre Conjurer)                Turns: 5951, Time: 00:10:36

Health: -2/53      AC: 11    Str: 12    XL:     6   Next: 2%
Magic:  6/11       EV: 10    Int: 21    God:
Gold:   181        SH:  0    Dex:  7    Spells: 6/12 levels left

rFire   . . .      SeeInvis .   d - +2 dagger (protect)
rCold   . . .      Faith    .   (no shield)
rNeg    . . .      Spirit   .   a - +0 robe
rPois   .          Reflect  .   (helmet restricted)
rElec   .          Harm     .   f - +0 cloak
rCorr   .          Rampage  .   (gloves unavailable)
Will    .....                   (boots unavailable)
Stlth   ++........              (no amulet)
HPRegen 0.17/turn               (no ring)
MPRegen 0.12/turn               (no ring)

@: under a protective aura
A: large, unfitting armour, tough skin 1
a: no special abilities


You were on level 4 of the Dungeon.
You visited 1 branch of the dungeon, and saw 4 of its levels.

You collected 181 gold pieces.

Inventory:

Hand Weapons
 d - a +2 dagger of protection (weapon)
Armour
 a - a +0 robe (worn)
 f - a +0 cloak (worn)
Jewellery
 k - a ring of fire
Scrolls
 h - 2 scrolls of teleportation
 j - a scroll of fear
 o - a scroll of torment {unknown}
Potions
 b - a potion of magic
 c - 2 potions of curing {unknown}
 e - 2 potions of haste
 g - a potion of brilliance {unknown}
 i - a potion of heal wounds {unknown}
 l - a potion of experience {unknown}
 m - a potion of attraction {unknown}
 n - a potion of invisibility {unknown}


   Skills:
 + Level 3.1 Dodging
 + Level 2.7 Stealth
 + Level 3.9 Spellcasting
 + Level 4.4 Conjurations


You had 6 spell levels left.
You knew the following spells:

 Your Spells              Type           Power      Damage    Failure   Level
a - Magic Dart            Conj           88%        1d7       1%          1
b - Searing Ray           Conj           44%        2d6       3%          2
c - Dazzling Flash        Conj/Hex       26%        N/A       14%         3

Your spell library contained the following spells:

 Spells                   Type           Power      Damage    Failure   Level
 Blink                    Tloc           8%         N/A       19%         2
 Lesser Beckoning         Tloc           4%         N/A       36%         3
 Ozocubu's Armour         Ice            4%         N/A       36%         3
 Fulminant Prism          Conj/Hex       6%         3d7       43%         4
 Iskenderun's Mystic Bla  Conj/Tloc      13%        2d5       43%         4
 Manifold Assault         Tloc           4%         N/A       98%         5
 Metabolic Englaciation   Hex/Ice        2%         N/A       98%         5
 Simulacrum               Ice/Necr       2%         N/A       100%        6


Dungeon Overview and Level Annotations

Branches:
Dungeon (4/15)
 Temple: D:4-7

Altars:

Shops:
D:3 !

Annotations:
D:4 Menkaure


Innate Abilities, Weirdness & Mutations

You are too large for most types of armour.
You have tough skin. (AC +1)


Message History

The black bear attacks as you move away!
The black bear bites you. The black bear claws you.
The black bear barely misses you. The black bear bites you.
The black bear barely misses you.
The black bear claws you but does no damage.
The black bear attacks as you move away!
The black bear barely misses you. x2; The black bear claws you.
The black bear attacks as you move away!
The black bear closely misses you.
The black bear claws you but does no damage.
The black bear claws you.
There is an open door here.
The black bear attacks as you move away!
The black bear bites you. The black bear claws you. x2
You can't go down here!
There's a creature in the doorway!
The black bear attacks as you move away!
The black bear bites you.
The black bear claws you but does no damage.
The black bear claws you. The black bear barely misses you.
The black bear claws you but does no damage.
The black bear claws you. The black bear completely misses you.
The black bear claws you but does no damage.
The black bear claws you. The orc hits you with a +0 morningstar!
* * * LOW HITPOINT WARNING * * *
You hit the orc.
Your weapon exudes an aura of protection.
The orc is lightly wounded.
The black bear bites you.
* * * LOW HITPOINT WARNING * * *
The black bear claws you but does no damage. x2
The orc hits you but does no damage.
You hit the orc.
The orc is heavily wounded.
The black bear barely misses you.
The black bear claws you but does no damage. x2
The orc hits you with a +0 morningstar.
You die...

#.......# ##..##
#.......###..##
#.......#...####
#..............#
#..............#
#.......#####..#
##......#...#..#
#..#)..#h..#..# ####
###....#.@.#..# #..###
###)....##o##..# ##....##
#..............####......##
##.)##.........o...........#
#...##...........###........
##..############## ##.......
#..## #....... ##..#
#....... ##.## #.......


You could see a black bear and an orc.

Vanquished Creatures
  Ijyb (D:4)
  An orc wizard (D:3)
  Terence (D:3)
  6 adders
  2 dart slugs
  3 worms (D:2)
  8 orcs
  10 endoplasms
  2 giant cockroaches
  4 goblins
  7 hobgoblins
  4 jackals (D:2)
  A quokka (D:4)
  7 ball pythons
  6 bats
  6 frilled lizards
  10 kobolds
  6 rats
85 creatures vanquished.

Notes
Turn   | Place    | Note
-------+----------+-------------------------------------------
     0 | D:1      | Elmgren the Ogre Conjurer began the quest for the Orb.
     0 | D:1      | Reached XP level 1. HP: 16/16 MP: 3/3
   474 | D:1      | Reached XP level 2. HP: 24/24 MP: 3/5
   636 | D:1      | Found a faded altar of an unknown god.
   997 | D:1      | Learned a level 2 spell: Searing Ray
  1223 | D:2      | Reached XP level 3. HP: 31/31 MP: 2/7
  1572 | D:2      | Reached skill level 4 in Conjurations
  1572 | D:2      | Reached XP level 4. HP: 39/39 MP: 1/8
  2797 | D:3      | Reached XP level 5. HP: 45/45 MP: 5/10
  3038 | D:3      | Learned a level 3 spell: Dazzling Flash
  3200 | D:3      | Noticed Terence
  3240 | D:3      | Killed Terence
  3767 | D:3      | Found Iroogu's Distillery.
  5321 | D:4      | Noticed Ijyb
  5328 | D:4      | Paralysed by Ijyb for 5 turns
  5363 | D:4      | Killed Ijyb
  5364 | D:4      | Reached XP level 6. HP: 12/53 MP: 0/11
  5910 | D:4      | Noticed a black bear
  5917 | D:4      | Noticed Menkaure
  5950 | D:4      | HP: 2/53 [black bear (5)]
  5951 | D:4      | Slain by an orc

Illustrated notes

Levels and vault maps discovered:
D:1:      minmay_arrival_five_plusses, layout_basic,
          ebering_ecumenical_altar_hall, amethyst_killhole
D:2:      layout_basic, minmay_quadrilaterals
D:3:      layout_rooms, serial_shops, nicolae_shop_trees, uniq_terence
D:4:      layout_cave_pods, nicolae_ossuary_entry_ruins, serial_column_ruins,
          column_ruins_hut, column_ruins_open_medium, column_ruins_open_small,
          column_ruins_grid_2, column_ruins_open_tiny, column_ruins_open_small,
          column_ruins_columns_dead_end, uniq_sigmund, uniq_pikel,
          uniq_menkaure, uniq_ijyb

Skill      XL: |  1  2  3  4  5 |
---------------+----------------+-----
Dodging        | 2 3 |  3.1
Spellcasting   | 3 |  3.9
Stealth        | 2 |  2.7
Conjurations   | 4 |  4.4

Action                   |  1- 3 |  4- 6 || total
-------------------------+-------+-------++-------
Melee: Dagger            |     2 |     2 ||     4
 Cast: Magic Dart        |    64 |   118 ||   182
       Searing Ray       |     2 |    12 ||    14
       Dazzling Flash    |       |     3 ||     3
  Use: Scroll            |     1 |     5 ||     6
Armor: Robe              |     5 |    40 ||    45
Dodge: Dodged            |     1 |    36 ||    37

Table legend: (Time is in decaauts)
 A = Elapsed time spent in this place.
 B = Non-inter-level travel time spent in this place.
 C = Inter-level travel time spent in this place.
 D = Time resting spent in this place.
 E = Time spent auto-exploring this place.
 F = Levels seen in this place.
 G = Mean time per level.
                   A        B        C        D        E       F      G
               +--------+--------+--------+--------+--------+-----+--------+
         Total |   5952 |   5875 |     77 |   2664 |   2567 |   4 | 1488.0 |
       Dungeon |   5952 |   5875 |     77 |   2664 |   2567 |   4 | 1488.0 |
               +--------+--------+--------+--------+--------+-----+--------+

Top non-repeatable levels by time:
     D:3: 2868 daAuts
     D:2: 1221 daAuts
     D:1: 1026 daAuts
     D:4: 836 daAuts
